 Dungeon Crawl Stone Soup version 0.22.1-1-ga44c0e56f4 (webtiles) character file.

109748 Morrissey the Impaler (level 16, -4/220 HPs)
             Began as a Red Draconian Berserker on Oct 27, 2018.
             Was a High Priest of Trog.
             Slain by an emperor scorpion (6 damage)
             ... on level 4 of the Spider Nest.
             The game lasted 00:55:57 (31531 turns).

Morrissey the Impaler (Red Draconian Berserker)    Turns: 31531, Time: 00:55:58

Health: -4/220     AC: 14    Str: 24    XL:     16   Next: 5%
Magic:  0/16       EV: 22    Int: 11    God:    Trog [*****.]
Gold:   2328       SH:  0    Dex: 17    Spells: 15/15 levels left

rFire    + . .     SeeInvis +   a - +4 glaive (flame)
rCold    . . .     Gourm    .   (shield currently unavailable)
rNeg     . . .     Faith    .   (armour unavailable)
rPois    +         Spirit   +   T - +3 crown of Dyrovepreva {rElec Int+2 SInv}
rElec    +         Reflect  .   j - scarf {Spirit}
rCorr    .         Harm     .   U - +1 pair of gloves
MR       +....                  (no boots)
Stlth    ..........             P - amulet of the acrobat
HPRegen  0.46/turn              v - +3 ring of slaying
MPRegen  0.15/turn              s - ring of poison resistance

@: berserking (expiring), very quick
A: breathe fire, unfitting armour, fire resistance 1, cold-blooded, AC +9
a: Breathe Fire, Berserk, Trog's Hand, Brothers in Arms, Renounce Religion


You were on level 4 of the Spider Nest.
You worshipped Trog.
Trog was extremely pleased with you.
You were near starving.

You visited 3 branches of the dungeon, and saw 25 of its levels.
You also visited: Ice Cave.

You collected 2490 gold pieces.
You spent 162 gold pieces at shops.

Inventory:

Hand Weapons
 a - a +4 glaive of flaming (weapon)
 b - a +1 glaive of venom
 n - a +3 antimagic glaive
 r - a +4 glaive of chopping
 A - a +3 antimagic bardiche
 F - a +0 trident
 N - a +2 spear of venom
 Y - a +9 bardiche of freezing
Armour
 j - a scarf of spirit shield (worn)
 T - the +3 crown of Dyrovepreva (worn) {rElec Int+2 SInv}
   (You found it on level 6 of the Lair of Beasts)

   It affects your intelligence (+2).
   It insulates you from electricity.
   It lets you see invisible.
 U - a +1 pair of gloves (worn)
Jewellery
 i - an uncursed ring of positive energy
 s - a ring of poison resistance (right hand)
 t - a +2 ring of protection
 v - a +3 ring of slaying (left hand)
 E - an uncursed ring of protection from fire
 K - an uncursed amulet of guardian spirit
 L - a +5 amulet of reflection
 P - an amulet of the acrobat (around neck)
 W - an uncursed ring of ice
Wands
 y - a wand of disintegration (12)
 C - a wand of flame (65)
 G - a wand of iceblast (14)
 H - a wand of acid (20)
 O - a wand of digging (16)
 Q - a wand of polymorph (18)
Scrolls
 c - 13 scrolls of remove curse
 d - 7 scrolls of teleportation
 h - 2 scrolls of blinking
 k - 4 scrolls of enchant armour
 m - 3 scrolls of immolation {unknown}
 q - 5 scrolls of magic mapping {unknown}
 u - 3 scrolls of fog {unknown}
 w - 2 scrolls of fear {unknown}
 z - a scroll of torment {unknown}
 D - 7 scrolls of enchant weapon
 R - 4 scrolls of summoning
 S - 2 scrolls of acquirement {unknown}
 V - a scroll of brand weapon {unknown}
 Z - a scroll of silence
Potions
 f - a potion of invisibility
 g - 3 potions of mutation
 l - 9 potions of curing
 o - 3 potions of agility
 p - 4 potions of flight
 x - 3 potions of brilliance
 B - 4 potions of haste
 I - a potion of might
 J - 4 potions of heal wounds
 X - a potion of ambrosia
Comestibles
 e - 29 rations


   Skills:
 + Level 14.9 Fighting
 - Level 20.0 Polearms
 + Level 13.3 Dodging


You had 15 spell levels left.
You didn't know any spells.
Your spell library was empty.

Dungeon Overview and Level Annotations

Branches:
Dungeon (15/15)            Temple (0/1) D:6            Lair (6/6) D:9
  Swamp (0/4) Lair:2       Spider (4/4) Lair:2        Slime (0/5) Lair:6
    Orc (0/2) D:12         Vaults (0/5) D:14
 Depths: D:15

Altars:
Ashenzari
Cheibriados
Gozag
Makhleb
Nemelex Xobeh
Okawaru
Trog
Uskayaw
Vehumet
Yredelemnul
Zin
The Shining One

Shops:
D:4 ?   D:12 [   D:14 (

Annotations:
D:10 exclusion: downstairs
D:11 exclusion: downstairs
D:13 1 runed door
Lair:6 exclusion: 5 oklob plants
Spider:1 exclusion: downstairs


Innate Abilities, Weirdness & Mutations

You can breathe blasts of fire.
Your fiery red scales are hard. (AC +9)
You cannot fit into any form of body armour.
Your flesh is heat resistant. (rF+)
You are cold-blooded and may be slowed by cold attacks.


Message History

* * * LOW MAGIC WARNING * * *;
* * * LOW HITPOINT WARNING * * *
The emperor scorpion misses you. The emperor scorpion claws you!
* * * LOW MAGIC WARNING * * *;
* * * LOW HITPOINT WARNING * * *
You closely miss the emperor scorpion. You tail-slap the emperor scorpion.
The emperor scorpion is lightly wounded.
You barely miss the emperor scorpion.
The emperor scorpion is lightly wounded.
You closely miss the emperor scorpion.
The emperor scorpion is lightly wounded.
The emperor scorpion closely misses you.
The emperor scorpion completely misses you.
The emperor scorpion closely misses you.
You slice the emperor scorpion!! You burn the emperor scorpion!
You tail-slap the emperor scorpion, but do no damage.
The emperor scorpion is heavily wounded.
You slash the emperor scorpion! You burn the emperor scorpion.
The emperor scorpion is heavily wounded.
The emperor scorpion closely misses you.
The emperor scorpion claws you.
You die...

### ##..###
##.....#
##..##..#
###......^#
#.†.##....#
#..†@#...##
##†.†s#.y...#
####^.^.s.s.#
#..#####..
y..# . ....
#.^..# ###...
..#y


You could see an emperor scorpion.

Vanquished Creatures
  Arachne (Spider:2)
  Frances (D:14)
  Kirke (Spider:2)
  A frost giant (IceCv)
  A ghost moth (Spider:4)
  2 emperor scorpions
  An entropy weaver (Spider:2)
  A dire elephant (Lair:6)
  A fire dragon (Lair:6)
  Snorg (Lair:3)
  11 hydras
  2 centaur warriors (D:14)
  2 vault guards (D:14)
  3 two-headed ogres
  3 death yaks
  A tengu warrior (D:13)
  2 unseen horrors
  3 wizards (D:14)
  2 necromancers (D:14)
  4 lindwurms (Lair:6)
  14 wolf spiders
  An ugly thing (D:13)
  A wolf spider zombie (D:14)
  A cyclops (D:14)
  5 orb spiders
  A manticore (D:13)
  A moth of wrath (Spider:2)
  6 elephants
  2 black mambas (Lair:6)
  5 torpor snails (Lair:6)
  12 spiny frogs
  A gargoyle (D:14)
  An ice statue (IceCv)
  7 centaur skeletons
  4 rime drakes
  6 komodo dragons
  8 demonic crawlers
  17 jumping spiders
  A tengu conjurer (D:14)
  A troll (D:14)
  15 polar bears
  5 tyrant leeches
  A harpy skeleton (D:13)
  15 blink frogs
  5 slime creatures
  11 hippogriffs
  9 hornets
  21 dream sheep
  A shadow (D:13)
  A water elemental (D:11)
  25 redbacks
  7 hogs
  2 wraiths
  8 tarantellas
  53 yaks
  3 wyverns
  2 basilisks (Lair:6)
  A vampire (D:12)
  3 hungry ghosts
  4 vampire mosquitoes (D:12)
  18 humans
  2 soldier ants
  An acid dragon (D:13)
  5 porcupines
  10 water moccasins
  6 orc warriors
  6 ice beasts
  2 eyes of draining (D:14)
  4 sky beasts
  2 phantoms (D:7)
  2 ogres (D:10)
  6 centaurs
  33 wolves
  9 crocodiles
  2 big kobolds
  Blork the orc (D:6)
  13 bullfrogs
  2 gnoll sergeants (D:9)
  3 wyvern zombies
  A wyvern skeleton (D:14)
  4 scorpions
  10 killer bees
  5 howler monkeys
  10 wights
  2 electric eels
  10 crimson imps
  5 centaur zombies
  A bullfrog zombie (D:10)
  12 orc priests
  A bullfrog skeleton (D:10)
  6 hounds
  10 jellies
  Jessica (D:3)
  An iguana (D:11)
  2 gnoll shamans
  14 orc wizards
  14 worker ants
  A hound skeleton (D:6)
  Robin (D:3)
  A worker ant zombie (D:5)
  15 adders
  24 gnolls
  6 shadow imps
  3 oozes
  An adder zombie (D:7)
  A worm (D:2)
  A dart slug (D:3)
  5 leopard geckos
  58 orcs
  6 giant cockroaches
  17 goblins
  9 hobgoblins
  15 jackals
  3 quokkas
  A ball python (D:2)
  10 bats
  4 frilled lizards
  A giant cockroach zombie (D:5)
  15 kobolds
  A quokka zombie (D:6)
  4 rats
  3 plants (Lair:6)
773 creatures vanquished.

Vanquished Creatures (collateral kills)
  A death yak (Lair:6)
  A cyclops (D:11)
  A black mamba (Lair:6)
  A rime drake (Lair:6)
  A demonic crawler (Spider:2)
  2 slime creatures (D:12)
  2 yaks (Lair:3)
  A redback (Spider:2)
  3 vampire mosquitoes (D:11)
  An orc warrior (D:12)
  2 bullfrogs (D:12)
  A hound (D:12)
  A worker ant (D:11)
  2 orcs (D:12)
20 creatures vanquished.

Vanquished Creatures (others)
  2 polar bears (IceCv)
  A redback (Spider:3)
  A human (Spider:2)
  5 fungi
  12 plants
21 creatures vanquished.

Grand Total: 814 creatures vanquished

Notes
Turn   | Place    | Note
-------+----------+-------------------------------------------
     0 | D:1      | Morrissey the Draconian Berserker began the quest for the
                  | Orb.
     0 | D:1      | Reached XP level 1. HP: 19/19 MP: 1/1
   106 | D:1      | Reached XP level 2. HP: 14/26 MP: 2/2
   599 | D:1      | Found a shattered altar of Ashenzari.
   641 | D:2      | Reached XP level 3. HP: 28/33 MP: 3/3
   703 | D:2      | Reached ** piety under Trog
   859 | D:2      | Reached skill level 4 in Polearms
  1330 | D:2      | Found a glowing golden altar of the Shining One.
  1507 | D:3      | Reached XP level 4. HP: 28/40 MP: 4/4
  1905 | D:3      | Reached *** piety under Trog
  1907 | D:3      | Reached XP level 5. HP: 47/47 MP: 5/5
  1914 | D:3      | Noticed Robin
  1944 | D:3      | Killed Robin
  1944 | D:3      | Reached skill level 5 in Polearms
  2437 | D:3      | Noticed Jessica
  2472 | D:3      | Killed Jessica
  2872 | D:3      | Reached XP level 6. HP: 55/55 MP: 6/6
  2936 | D:4      | Reached skill level 5 in Fighting
  2936 | D:4      | Reached skill level 6 in Polearms
  3172 | D:4      | Found Iboaped's Magic Scroll Emporium.
  3180 | D:4      | Bought a scroll of blinking for 97 gold pieces
  3180 | D:4      | Bought a scroll of remove curse for 39 gold pieces
  3180 | D:4      | Bought a scroll of identify for 26 gold pieces
  3660 | D:5      | Entered Level 5 of the Dungeon
  3712 | D:5      | Reached **** piety under Trog
  3834 | D:5      | Your scales start taking on a fiery red colour.
  3834 | D:5      | Reached XP level 7. HP: 61/61 MP: 7/7
  3834 | D:5      | Gained mutation: Your flesh is heat resistant. (rF+) [Red
                  | Draconian growth]
  3860 | D:5      | Reached skill level 7 in Polearms
  4606 | D:5      | Found a glowing golden altar of the Shining One.
  4783 | D:6      | Noticed Blork the orc
  4786 | D:5      | Reached skill level 8 in Polearms
  4798 | D:6      | Reached XP level 8. HP: 61/71 MP: 8/8
  4808 | D:6      | Killed Blork the orc
  5062 | D:6      | Found a staircase to the Ecumenical Temple.
  5155 | D:6      | Reached skill level 9 in Polearms
  5358 | D:6      | Found a glowing silver altar of Zin.
  5358 | D:6      | Found a basalt altar of Yredelemnul.
  5358 | D:6      | Found a hide-covered altar of Uskayaw.
  5723 | D:7      | Reached skill level 10 in Polearms
  5725 | D:7      | Found a snail-covered altar of Cheibriados.
  5736 | D:7      | Reached XP level 9. HP: 81/81 MP: 9/9
  5740 | D:7      | Reached ***** piety under Trog
  5973 | D:7      | Found an iron altar of Okawaru.
  5974 | D:7      | Found a bloodstained altar of Trog.
  6216 | D:7      | Reached skill level 11 in Polearms
  6888 | D:8      | You fall through a shaft for 3 floors!
  6988 | D:10     | Entered Level 10 of the Dungeon
  6988 | D:10     | Noticed a two-headed ogre
  6998 | D:10     | Killed a two-headed ogre
  7061 | D:9      | Reached XP level 10. HP: 79/92 MP: 8/10
  7190 | D:9      | Found a radiant altar of Vehumet.
  7191 | D:9      | Found a burning altar of Makhleb.
  7273 | D:9      | Reached skill level 12 in Polearms
  7454 | D:9      | Reached skill level 10 in Fighting
  7781 | D:9      | Found a staircase to the Lair.
  8171 | D:9      | Received a gift from Trog
  8202 | D:9      | Reached skill level 13 in Polearms
  8842 | D:10     | Killed an unseen horror
  8842 | D:10     | Reached XP level 11. HP: 30/101 MP: 5/11
  9243 | D:10     | Reached skill level 14 in Polearms
  9854 | D:11     | Reached skill level 5 in Dodging
 10652 | D:12     | Received a gift from Trog
 11121 | D:12     | Noticed a two-headed ogre
 11167 | D:12     | Killed a two-headed ogre
 11600 | D:12     | Found Potrac's Armour Boutique.
 11601 | D:12     | Found a staircase to the Orcish Mines.
 11946 | Lair:1   | Entered Level 1 of the Lair of Beasts
 12529 | Lair:1   | Reached XP level 12. HP: 99/108 MP: 10/12
 12748 | Lair:1   | Reached skill level 10 in Dodging
 12871 | Lair:1   | Noticed a four-headed hydra
 12887 | Lair:1   | Killed a four-headed hydra
 13267 | Lair:1   | Noticed a five-headed hydra
 13280 | Lair:1   | Killed a five-headed hydra
 13656 | Lair:2   | Found a staircase to the Swamp.
 13754 | Lair:2   | Found a hole to the Spider Nest.
 13778 | Lair:2   | Reached skill level 15 in Polearms
 14417 | Lair:3   | Noticed Snorg
 14431 | Lair:3   | Killed Snorg
 14458 | Lair:3   | Noticed a six-headed hydra
 14471 | Lair:3   | Killed a six-headed hydra
 14817 | Lair:3   | Found a frozen archway.
 14852 | IceCv    | Entered an ice cave
 14906 | IceCv    | Received a gift from Trog
 14912 | IceCv    | Reached skill level 16 in Polearms
 15341 | IceCv    | Noticed a death yak
 15380 | IceCv    | Killed a death yak
 15380 | IceCv    | Reached XP level 13. HP: 114/114 MP: 11/13
 15691 | IceCv    | Noticed a frost giant
 15710 | IceCv    | Killed a frost giant
 15710 | IceCv    | Reached skill level 17 in Polearms
 18227 | Lair:4   | Reached skill level 18 in Polearms
 19417 | Lair:6   | Entered Level 6 of the Lair of Beasts
 20051 | Lair:6   | Reached skill level 19 in Polearms
 20051 | Lair:6   | Reached XP level 14. HP: 105/122 MP: 5/14
 20168 | Lair:6   | Received a gift from Trog
 20226 | Lair:6   | Found a staircase to the Slime Pits.
 21523 | Lair:6   | Found the +3 crown of Dyrovepreva {rElec Int+2 SInv}
 21533 | Lair:6   | Reached skill level 20 in Polearms
 22199 | Lair:6   | Found a runed door.
 23376 | D:12     | Received a gift from Trog
 23794 | D:13     | Found a sparkling altar of Nemelex Xobeh.
 24031 | D:13     | Found a runed door.
 24031 | D:13     | Noticed a fire giant
 24031 | D:13     | Noticed a war gargoyle
 24034 | D:13     | Noticed a frost giant
 24034 | D:13     | Noticed an iron dragon
 24422 | D:14     | Reached XP level 15. HP: 111/134 MP: 15/15
 24743 | D:14     | Found an opulent altar of Gozag.
 24797 | D:14     | Found a gate to the Vaults.
 25199 | D:14     | Received a gift from Trog
 25266 | D:14     | Reached ****** piety under Trog
 25366 | D:14     | Noticed Frances
 25378 | D:14     | Killed Frances
 25414 | D:14     | Found Nostreqo's Antique Weapon Shoppe.
 25620 | D:15     | Entered Level 15 of the Dungeon
 25786 | Spider:1 | Entered Level 1 of the Spider Nest
 27077 | Spider:2 | Noticed Kirke
 27182 | Spider:2 | Killed Kirke
 28543 | Spider:2 | Received a gift from Trog
 29410 | Spider:3 | Noticed Arachne
 29437 | Spider:2 | Killed Arachne
 31164 | Spider:4 | Entered Level 4 of the Spider Nest
 31166 | Spider:4 | Noticed a ghost moth
 31187 | Spider:4 | Killed a ghost moth
 31433 | Spider:4 | Reached XP level 16. HP: 48/147 MP: 13/16
 31526 | Spider:4 | HP: 9/220 [emperor scorpion (6)]
 31526 | Spider:4 | HP: 1/220 [emperor scorpion (8)]
 31531 | Spider:4 | Slain by an emperor scorpion

Skill      XL: |  1  2  3  4  5  6  7  8  9 10 11 12 13 14 15 |
---------------+----------------------------------------------+-----
Polearms       | 4 5 6 8 10 11 13 14 16 19 20 | 20.0
Fighting       | 4 5 6 8 9 10 12 14 | 14.9
Dodging        | 3 9 10 11 13 | 13.3

Action                   |  1- 3 |  4- 6 |  7- 9 | 10-12 | 13-15 | 16-18 || total
-------------------------+-------+-------+-------+-------+-------+-------++-------
Melee: Spear             |   154 |     6 |       |   874 |   551 |       ||  1585
       Tailslap          |    13 |    28 |    54 |   171 |   242 |    11 ||   519
       Trident           |       |   240 |   338 |    98 |       |       ||   676
       Bardiche          |       |       |       |     2 |       |       ||     2
       Glaive            |       |       |       |       |   840 |    53 ||   893
Invok: Berserk           |     1 |     4 |     5 |    13 |    23 |     1 ||    47
       Trog's Hand       |       |     1 |       |     1 |     2 |       ||     4
       Brothers in Arms  |       |       |       |     6 |     6 |       ||    12
 Abil: Breathe Fire      |       |       |     5 |    18 |     8 |       ||    31
  Use: Potion            |       |     1 |       |     2 |     3 |       ||     6
       Scroll            |       |     4 |       |     4 |    18 |       ||    26
 Stab: Sleeping          |     2 |     2 |     2 |     2 |     4 |       ||    12
       Invisible         |       |     1 |       |       |       |       ||     1
       Distracted        |       |       |       |     3 |     5 |       ||     8
  Eat: Chunk             |     3 |    12 |     9 |    40 |    35 |       ||    99
       Ration            |       |       |     2 |     2 |    12 |       ||    16
Armor: Skin              |    27 |    82 |    67 |   109 |   199 |    23 ||   507
Dodge: Dodged            |    75 |   192 |   140 |   381 |   944 |    64 ||  1796
Block: Other             |       |       |       |    14 |   101 |       ||   115
       Reflection        |       |       |       |     1 |       |       ||     1
